AoeStats
← Tintenroller

Arabia

510564689Analyzed
1v1 RM · 2d ago on Oct 1, 2026· 44m 46s· 2 players
Game mode
Random Map
Map size
Tiny (2 player)
Population
200
Speed
Normal
Resources
Standard
Victory
Conquest
Starting age
Dark Age
Ending age
Imperial Age
RankedLock teamsTeams togetherTeam positionsShared explorationLock speedFull tech treeHidden civsTurbo modeCheats
Victory
Defeat
🇩🇪 Portuguese · Germany
1367
+14
🇲🇽 Maya · Mexico
1325
-14
Scherbasky1_
0:27 Loom
11:53 Feudal Age
12:58 Double-Bit Axe
16:11 Fletching
17:41 Padded Archer Armor
19:27 Wheelbarrow
25:33 Castle Age
25:40 Elite Skirmisher
25:43 Crossbowman
26:28 Bodkin Arrow
28:14 Leather Archer Armor
29:11 Bow Saw
31:25 Ballistics
Tintenroller
6:15 Loom
9:08 Feudal Age
10:57 Double-Bit Axe
11:00 Man-at-Arms
13:44 Fletching
14:42 Town Watch
15:06 Padded Archer Armor
17:04 Horse Collar
23:56 Castle Age
22:06 Gold Mining
24:32 Bodkin Arrow
24:53 Leather Archer Armor
24:01 Crossbowman
24:47 Thumb Ring
28:23 Wheelbarrow
27:50 Elite Skirmisher
29:00 Bow Saw
31:32 Ballistics
32:23 Hand Cart
39:18 Heavy Plow
43:58 Imperial Age
42:09 Scale Barding Armor
42:59 Bloodlines
43:26 Husbandry
43:34 Light Cavalry
44:52 Bracer
45:54 Chemistry
45:50 Ring Archer Armor
Connection lost

Rejoining the realm…

Still unreachable

The connection could not be restored.

Session expired

The server has moved on; the page needs a fresh start.